 Dungeon Crawl Stone Soup version 0.30.0-29-ga12c61a403 (webtiles) character file.

Game seed: 13766562935735575472

975 ces the Skirmisher (level 7, 0/33 HPs)
             Began as a Spriggan Hunter on June 26, 2023.
             Was an Initiate of Gozag.
             Slain by a killer bee (3 damage)
             ... on level 4 of the Dungeon.
             The game lasted 00:08:37 (3920 turns).

ces the Skirmisher (Spriggan Hunter)                Turns: 3920, Time: 00:08:38

Health: 0/33       AC:  2    Str:  7    XL:     7   Next: 95%
Magic:  8/8        EV: 18    Int: 10    God:    Gozag
Gold:   146        SH:  0    Dex: 21    Spells: 6/6 levels left

rFire   . . .        a - +0 shortbow
rCold   . . .        (shield currently unavailable)
rNeg    . . .        c - +0 robe
rPois   .            (helmet restricted)
rElec   .            (no cloak)
rCorr   .            (gloves unavailable)
SInv    +            (boots unavailable)
Will    +....        (no amulet)
Stlth   +++          (no ring)
HPRegen 0.25/turn    (no ring)
MPRegen 0.11/turn

%: no passive effects
@: lethally poisoned (0 -> -4), very quick
A: very small, no large weapons, unfitting armour, see invisible, speed 3
a: Renounce Religion, Potion Petition, Call Merchant, Bribe Branch


You were on level 4 of the Dungeon.
You worshipped Gozag.
Gozag was aware of your devotion.
You visited 2 branches of the dungeon, and saw 6 of its levels.

You collected 201 gold pieces.
You paid 55 gold pieces to Gozag.

Inventory:

Hand Weapons
 a - a +0 shortbow (weapon)
Armour
 c - a +0 robe (worn)
Jewellery
 q - a +6 ring of intelligence
 v - a ring of resist corrosion
Wands
 l - a wand of polymorph (3)
Scrolls
 b - a scroll of immolation
 e - a scroll of noise
 h - 2 scrolls of brand weapon {unknown}
 j - 2 scrolls of enchant weapon {unknown}
 m - 2 scrolls of identify {unknown}
 o - a scroll of teleportation {unknown}
 p - 2 scrolls of amnesia {unknown}
 s - a scroll of silence {unknown}
 t - a scroll of poison {unknown}
Potions
 d - a potion of curing
 f - a potion of ambrosia {unknown}
 i - a potion of lignification {unknown}
 k - a potion of might {unknown}
 n - 2 potions of magic {unknown}
 r - 2 potions of attraction {unknown}
 u - a potion of haste {unknown}


   Skills:
 - Level 1.5 Fighting
 + Level 9.9 Ranged Weapons
 - Level 3.1 Dodging
 + Level 2.6 Stealth


You had 6 spell levels left.
You didn't know any spells.
Your spell library was empty.

Dungeon Overview and Level Annotations

Branches:
Dungeon (5/15)             Temple (1/1) D:4

Altars:
Dithmenos
Fedhas
Gozag
Kikubaaqudgha
Okawaru
Qazlal
Ru
Trog
Uskayaw
Wu Jian
Xom
Yredelemnul
Zin
The Shining One

Shops:
D:1 ==


Innate Abilities, Weirdness & Mutations

You are very small and have problems with some larger weapons.
You are too small for most types of armour.
You have supernaturally acute eyesight. (SInv)
You cover ground extremely quickly. (Speed+++)


Message History

The killer bee attacks as you move away!
The killer bee closely misses you.
You feel sick.
You feel sick.
The killer bee attacks as you move away!
The killer bee barely misses you. The killer bee closely misses you.
The killer bee attacks as you move away!
The killer bee stings you.
You feel sick. The killer bee completely misses you.
The killer bee closely misses you.
You feel sick.
You feel sick.
The killer bee attacks as you move away!
The killer bee stings you.
The killer bee attacks as you move away!
The killer bee misses you.
You feel sick.
You are no longer poisoned.
The killer bee attacks as you move away!
The killer bee barely misses you. The killer bee stings you!
* * * LOW HITPOINT WARNING * * *
You are lethally poisoned!
The killer bee poisons you! The killer bee barely misses you.
The killer bee attacks as you move away!
The killer bee stings you but does no damage.
* * * LOW HITPOINT WARNING * * *
You feel sick.
* * * LOW HITPOINT WARNING * * *
You feel sick. The killer bee closely misses you.
The killer bee stings the plant.
The plant begins to die.
The killer bee attacks as you move away!
The killer bee misses you.
* * * LOW HITPOINT WARNING * * *
You feel sick.
Unknown command.
Unknown command.
There is a lethal amount of poison in your body!
* * * LOW HITPOINT WARNING * * *
You feel sick. The killer bee completely misses you. The killer bee stings you.
* * * LOW HITPOINT WARNING * * *
The killer bee stings you.
You die...
Your body crumbles into a pile of gold.

#<.....#.......# #.#.#....#.#
#.######.......# #.#.######.#####
#.# #........<# #.#.............
#.####.#.......###....#####......
#......#.......##.......###......
...>####..........P..PP..##......
....+............PP.P..P.##......
...[####......#..P...P.P.##......
..............#.@P.......##......
#######.......##yy...PP...#..###.
#.......##.PP.P.P......#...
#.#.######...PP.P......#..>
#######.#.# ##................
........#.# ##...........#...
.########.# #.........).#...
..........# #...........###.
..########## #...............


You could see 2 killer bees.

Vanquished Creatures
  Sigmund (D:3)
  An ice beast (D:5)
  An ogre (D:5)
  2 phantoms
  2 hounds
  3 orc priests
  A jelly (D:4)
  Jessica (D:3)
  An orc wizard (D:4)
  3 iguanas
  Robin (D:4)
  4 gnolls
  3 adders
  An ufetubus (D:4)
  4 worms
  3 dart slugs
  5 orcs
  3 bats
  5 endoplasms
  7 giant cockroaches
  11 hobgoblins
  5 jackals
  6 kobolds
  A quokka (D:4)
  6 ball pythons
  4 frilled lizards
  11 goblins
  8 rats
104 creatures vanquished.

Notes
Turn   | Place    | Note
-------+----------+-------------------------------------------
     0 | D:1      | ces the Spriggan Hunter began the quest for the Orb.
     0 | D:1      | Reached XP level 1. HP: 10/10 MP: 2/2
   161 | D:1      | Found Yraon's Jewellery Shoppe.
   207 | D:1      | Reached XP level 2. HP: 14/14 MP: 3/3
   212 | D:1      | Found a transporter.
   214 | D:1      | Found Myalis's Jewellery Boutique.
   216 | D:1      | Found a transporter.
   405 | D:1      | Found a faded altar of an unknown god.
   538 | D:1      | Reached XP level 3. HP: 18/18 MP: 4/4
   662 | D:2      | Reached skill level 5 in Ranged Weapons
  1280 | D:3      | Noticed Jessica
  1288 | D:3      | Killed Jessica
  1289 | D:3      | Reached XP level 4. HP: 22/22 MP: 5/5
  1365 | D:3      | Noticed Sigmund
  1375 | D:3      | Killed Sigmund
  1376 | D:3      | Reached skill level 7 in Ranged Weapons
  1376 | D:3      | Reached XP level 5. HP: 25/25 MP: 6/6
  1452 | D:3      | Reached XP level 6. HP: 30/30 MP: 7/7
  1659 | D:3      | HP: 1/30 [orc priest/divine providence (15)]
  2295 | D:4      | Noticed Robin
  2327 | D:4      | Killed Robin
  2328 | D:4      | Reached skill level 8 in Ranged Weapons
  2542 | D:4      | Found a staircase to the Ecumenical Temple.
  2590 | D:4      | Reached XP level 7. HP: 31/33 MP: 8/8
  2920 | D:5      | Entered Level 5 of the Dungeon
  2954 | D:5      | Reached skill level 9 in Ranged Weapons
  3193 | Temple   | Entered the Ecumenical Temple
  3452 | Temple   | Became a worshipper of Gozag Ym Sagoz the Greedy
  3920 | D:4      | Slain by a killer bee

Illustrated notes

Levels and vault maps discovered:
D:1:      nzn_arrival_water_spiral, layout_loops_ring, serial_shops,
          nicolae_shop_drivethru, nicolae_diamond_shop,
          ebering_ecumenical_altar_rust
D:2:      layout_loops_ring
D:3:      layout_basic, hangedman_abyss_or_decor_stabs,
          hangedman_decor_riveting, uniq_sigmund, uniq_jessica
D:4:      layout_basic, minmay_temple_entry_proselytizer, st_stairs_3,
          nicolae_grassy_gnolls, uniq_robin
D:5:      layout_rooms, grunt_tough_drop
Temple:   minmay_temple_curvy_branch

Skill      XL: |  1  2  3  4  5  6  7 |
---------------+----------------------+-----
Dodging        | 3 |  3.1
Ranged Weapons | 5 7 8 9 |  9.9
Stealth        | 2 |  2.6
Fighting       | |  1.5

Action                     |  1- 3 |  4- 6 |  7- 9 || total
---------------------------+-------+-------+-------++-------
   Fire: Shortbow          |   108 |   146 |   101 ||   355
    Use: Potion            |       |       |     5 ||     5
         Scroll            |       |       |     1 ||     1
 Armour: Robe              |     5 |     1 |     7 ||    13
  Dodge: Dodged            |    34 |     9 |    82 ||   125
